 Dungeon Crawl Stone Soup version bcrawl-1.19.2-6-g6a88ae04c9 (webtiles) character file.

Game seed: 2046177424653650068

368 Mrkan the Covered (level 6, -6/39 HPs)
             Began as a Gargoyle Fighter on Dec 30, 2019.
             Killed by divine providence
             ... invoked by an orc priest
              (8 damage)
             ... on level 4 of the Dungeon.
             The game lasted 00:06:12 (2892 turns).

Mrkan the Covered (Gargoyle Fighter)                Turns: 2892, Time: 00:06:13

Health: -6/39      AC: 18    Str: 21    XL:     6   Next: 69%
Magic:  6/6        EV:  4    Int:  8    God:
Gold:   200        SH:  9    Dex: 10    Spells: 5/5 levels left

rFire    . . .     SeeInvis .   a - +0 flail
rCold    . . .     Gourm    .   c - +0 shield
rNeg     + . .     Faith    .   m - +0 plate armour
rPois    ∞         Spirit   .   (no helmet)
rElec    +         Reflect  .   h - +0 cloak (curse)
rCorr    .         Harm     .   (no gloves)
MR       .....                  t - +0 pair of boots
Stlth    ..........             (no amulet)
HPRegen  0.13/turn              (no ring)
MPRegen  0.10/turn              (no ring)

@: no status effects
A: negative energy resistance 1, electricity resistance, unbreathing,
petrification resistance, rot immunity, AC +4
a: no special abilities


You were on level 4 of the Dungeon.
You were not hungry.

You visited 1 branch of the dungeon, and saw 4 of its levels.

You collected 200 gold pieces.

Inventory:

Hand Weapons
 a - a +0 flail (weapon)
Armour
 c - a +0 shield (worn)
 h - a cursed +0 cloak (worn)
 m - a +0 plate armour (worn)
 t - a +0 pair of boots (worn)
Jewellery
 q - an uncursed ring of poison resistance {unknown}
 r - an uncursed ring of magical power {unknown}
 x - an uncursed ring of positive energy
Scrolls
 e - 5 scrolls of remove curse {unknown}
 j - a scroll of noise {unknown}
 k - 6 scrolls of identify {unknown}
 n - 2 scrolls of blinking {unknown}
 p - a scroll of fog {unknown}
 s - a scroll of teleportation {unknown}
 v - a scroll of enchant armour {unknown}
Potions
 b - 2 potions of mutation {unknown}
 d - a potion of might
 g - 2 potions of haste {unknown}
 i - a potion of flight {unknown}
 l - a potion of resistance {unknown}
 o - 2 potions of curing {unknown}
 u - 3 potions of agility {unknown}
Comestibles
 f - 3 rations {!d}
 w - 3 chunks of flesh


   Skills:
 + Level 4.5 Fighting
 * Level 4.6 Maces & Flails
 + Level 4.6 Armour
 + Level 4.6 Shields


You had 5 spell levels left.
You didn't know any spells.
Your spell library was empty.

Dungeon Overview and Level Annotations

Branches:
Dungeon (4/12)
 Temple: D:4-7

Altars:
Gozag
Xom
Zin


Innate Abilities, Weirdness & Mutations

You are resistant to torment.
Your stone body is resilient. (AC +4)
You are immune to poison.
You resist negative energy. (rN+)
You are resistant to electric shocks. (rElec)
You can survive without breathing.
You are immune to petrification.
You are immune to rotting.


Message History

The orc is moderately wounded.
The orc barely misses you.
Your shield and plate armour prevent you from hitting the orc.
The orc is moderately wounded.
You block the orc's attack.
The orc priest mumbles some strange prayers to Beogh against you.
Beogh smites you!
* * * LOW HITPOINT WARNING * * *
You hit the orc but do no damage.
The orc is moderately wounded.
The orc hits you but does no damage.
You hit the orc but do no damage.
The orc is moderately wounded.
You block the orc's attack.
You hit the orc.
The orc is heavily wounded.
The orc hits you but does no damage.
The orc priest invokes the aid of Beogh against you.
Beogh smites you!
You die... ### oo#

##########o#
###........#o#
##...#....^.#@#
#....#......#.#
#.............#
####.#..######.###
...........# #.#
####.#.###.# #.#
#.#.# # #.# #.#.#
#.# #.#.# #.#


You could see an orc priest and 3 orcs.

Vanquished Creatures
  Sigmund (D:3)
  A crimson imp (D:2)
  An orc priest (D:3)
  An orc wizard (D:2)
  4 adders (D:3)
  2 oozes (D:2)
  3 worms
  A dart slug (D:3)
  A leopard gecko (D:1)
  4 orcs
  A ball python (D:3)
  5 bats
  2 giant cockroaches
  4 goblins
  4 hobgoblins
  4 jackals (D:3)
  7 quokkas
  3 frilled lizards
  15 kobolds
  4 rats
68 creatures vanquished.

Notes
Turn   | Place    | Note
-------+----------+-------------------------------------------
     0 | D:1      | Mrkan the Gargoyle Fighter began the quest for the Orb.
     0 | D:1      | Reached XP level 1. HP: 14/14 MP: 1/1
   135 | D:1      | Reached XP level 2. HP: 19/19 MP: 2/2
   437 | D:1      | Found a shimmering altar of Xom.
   439 | D:1      | Found a glowing golden altar of the Shining One.
   439 | D:1      | Found a sacrificial altar of Ru.
   441 | D:1      | Found a basalt altar of Yredelemnul.
   441 | D:1      | Found a glowing silver altar of Zin.
   441 | D:1      | Found an opulent altar of Gozag.
   823 | D:2      | Reached XP level 3. HP: 23/23 MP: 3/3
  1648 | D:2      | Reached XP level 4. HP: 8/29 MP: 4/4
  1890 | D:3      | Reached XP level 5. HP: 6/33 MP: 5/5
  2481 | D:3      | Noticed Sigmund
  2497 | D:3      | Killed Sigmund
  2497 | D:3      | Reached XP level 6. HP: 33/39 MP: 6/6
  2663 | D:3      | Found a glowing silver altar of Zin.
  2673 | D:3      | Found an opulent altar of Gozag.
  2892 | D:4      | Killed from afar by an orc priest

Skill      XL: |  1  2  3  4  5 |
---------------+----------------+-----
Maces & Flails | 3 4 |  4.6
Armour         | 4 |  4.6
Shields        | 4 |  4.6
Fighting       | 4 |  4.5

Action                   |  1- 3 |  4- 6 || total
-------------------------+-------+-------++-------
Melee: Flail             |   176 |   154 ||   330
  Eat: Chunk             |     3 |     4 ||     7
Armor: Scale mail        |    10 |       ||    10
       Plate armour      |   124 |   113 ||   237
Dodge: Dodged            |    35 |    22 ||    57
Block: Shield            |   114 |    90 ||   204
